[Event "Titled Tuesday Blitz June 28 Late 2022"]
[White "Oye-Stromberg, Alexander"]
[Black "De Souza, Cristiano Gomes"]
[WhiteFideId "1525999"]
[BlackFideId "2151758"]
[WhiteElo "1958"]
[BlackElo "2068"]
[Result "1-0"]
[Round "02"]
[TimeControl "180+1"]
[Date "2022.06.29"]
[WhiteClock "0:01:20"]
[BlackClock "0:00:34"]

1. d4 Nf6 2. c4 g6 3. Nc3 Bg7 4. e4 d6 5. Nf3 O-O 6. Be2 e5 7. d5 Nbd7 8. Be3 Nc5 9. Nd2 a5 10. g4 Nfd7 11. h4 b6 12. h5 Ba6 13. b3 Qe7 14. Qc2 f6 15. hxg6 hxg6 16. O-O-O Kf7 17. g5 Rh8 18. Bg4 Rxh1 19. Rxh1 Rh8 20. Rxh8 Bxh8 21. Nf3 Bc8 22. a3 Bg7 23. Qd1 Qe8 24. Qh1 Qh8 25. Qxh8 Bxh8 26. Kc2 Ke7 27. b4 axb4 28. axb4 Nb7 29. Nb5 Kd8 30. Na7 Bg7 31. Nh4 fxg5 32. Bxg5+ Bf6 33. Bxf6+ Nxf6 34. Bxc8 Nxe4 35. Bxb7 g5 36. Nc6+ Ke8 37. Nf3 g4 38. Nfxe5 dxe5 39. Nxe5 Nxf2 40. Kd2 Ke7 41. Ke2 Ne4 42. Nxg4 Nd6 43. Ba6 Kd7 44. Kd3 Nf7 45. Kd4 Kd6 46. Bb5 Nd8 47. Ne5 Ke7 48. Nc6+ Nxc6+ 49. Bxc6 Kd6 50. c5+ bxc5+ 51. bxc5+ Ke7 52. Ke5 Kd8 53. Ke6 Kc8 54. Ke7 Kb8 55. d6 cxd6 56. cxd6 1-0


[Site "https://www.chess.com"]

[Event "Titled Tuesday Blitz June 28 Late 2022"]
[White "Ozates, Tuna"]
[Black "Coelho, Ramyres Santana"]
[WhiteFideId "6354521"]
[BlackFideId "2120690"]
[WhiteElo "1887"]
[BlackElo "1888"]
[Result "1-0"]
[Round "02"]
[TimeControl "180+1"]
[Date "2022.06.29"]
[WhiteClock "0:01:35"]
[BlackClock "0:00:50"]

1. e4 c5 2. Nf3 d6 3. Bb5+ Nd7 4. O-O a6 5. Bc4 e6 6. c3 b5 7. Bb3 Ngf6 8. d3 Be7 9. Nbd2 O-O 10. a4 Bb7 11. Qe2 Ne5 12. Rd1 c4 13. dxc4 bxc4 14. Nxe5 cxb3 15. Nxb3 Qb6 16. Nc4 Qxb3 17. Ra3 Qxd1+ 18. Qxd1 d5 19. Rb3 Bc6 20. Nb6 Rab8 21. e5 Ne4 22. Be3 Rxb6 23. Rxb6 Rc8 24. Rxa6 Nc5 25. Ra7 Bf8 26. b4 Nxa4 27. Rxa4 Bxa4 28. Qxa4 Rxc3 29. g3 Rc4 30. Qe8 Rc8 31. Qxc8 1-0


[Site "https://www.chess.com"]

[Event "Titled Tuesday Blitz June 28 Late 2022"]
[White "Papp, Levente"]
[Black "Bluebaum, Matthias"]
[WhiteFideId "751243"]
[BlackFideId "24651516"]
[WhiteElo "2308"]
[BlackElo "2556"]
[Result "1-0"]
[Round "02"]
[TimeControl "180+1"]
[Date "2022.06.28"]
[WhiteClock "0:01:15"]
[BlackClock "0:01:15"]

1. c4 e6 2. g3 d5 3. Bg2 Nf6 4. Nf3 dxc4 5. Na3 Bxa3 6. bxa3 O-O 7. O-O c5 8. Qc2 Nbd7 9. Qxc4 b6 10. d3 Bb7 11. Bb2 Rc8 12. Rac1 Qe7 13. Rfd1 h6 14. a4 Bd5 15. Qc3 Bxa2 16. e4 c4 17. Ba3 Nc5 18. d4 Nfxe4 19. Qe3 Nf6 20. dxc5 Nd5 21. cxb6 Nxe3 22. Bxe7 Nxd1 23. Bxf8 Kxf8 24. b7 Rb8 25. Ne5 Ke8 26. Rxd1 Bb3 27. Bc6+ Ke7 28. Rd7+ Kf6 29. f4 1-0


[Site "https://www.chess.com"]

[Event "Titled Tuesday Blitz June 28 Late 2022"]
[White "Paravyan, David"]
[Black "Hoffmann, Asa"]
[WhiteFideId "4194985"]
[BlackFideId "2001470"]
[WhiteElo "2569"]
[BlackElo "2117"]
[Result "1-0"]
[Round "02"]
[TimeControl "180+1"]
[Date "2022.06.29"]
[WhiteClock "0:01:57"]
[BlackClock "0:00:46"]

1. e4 d6 2. d4 Nf6 3. Nc3 c6 4. h3 b5 5. Bd3 e5 6. Nce2 Be7 7. Nf3 a6 8. dxe5 dxe5 9. Nxe5 O-O 10. O-O Bc5 11. Bg5 h6 12. Bh4 g5 13. Bg3 Nh5 14. Bh2 Qf6 15. Ng4 Qg7 16. e5 Be6 17. Nc3 Nd7 18. Ne4 Be7 19. Kh1 Rad8 20. Qf3 c5 21. c3 c4 22. Bc2 Nc5 23. Nef6+ Bxf6 24. Nxf6+ Nxf6 25. exf6 Qh8 26. Rad1 h5 27. Bd6 Rxd6 28. Rxd6 Qh6 29. Qe3 Nd7 30. f4 Qxf6 31. f5 Ne5 32. Kg1 Re8 33. fxe6 1-0


[Site "https://www.chess.com"]

[Event "Titled Tuesday Blitz June 28 Late 2022"]
[White "Paszewski, Mateusz"]
[Black "Uddin, Mubassar"]
[WhiteFideId "1141058"]
[BlackFideId "2093944"]
[WhiteElo "2171"]
[BlackElo "2051"]
[Result "1-0"]
[Round "02"]
[TimeControl "180+1"]
[Date "2022.06.29"]
[WhiteClock "0:00:09"]
[BlackClock "0:00:09"]

1. Nf3 d5 2. e3 Nf6 3. c4 c6 4. Nc3 e6 5. b3 Nbd7 6. Bb2 Bd6 7. Qc2 Qe7 8. Be2 O-O 9. Rg1 e5 10. g4 Nc5 11. g5 Nfe4 12. cxd5 Nxc3 13. Bxc3 cxd5 14. d4 Ne4 15. dxe5 Bb4 16. Bxb4 Qxb4+ 17. Kf1 Bh3+ 18. Rg2 Rac8 19. Qd3 Rfd8 20. Kg1 Bxg2 21. Kxg2 Qc3 22. Qd1 Qb2 23. Qe1 Rc2 24. Nd4 Rd2 25. Rb1 Qxa2 26. Ra1 Qb2 27. Rb1 Qa3 28. Bf3 Qa2 29. Bxe4 dxe4 30. Ra1 Qb2 31. Rxa7 g6 32. Rxb7 R8xd4 33. exd4 Qxd4 34. e6 e3 35. Rxf7 Rxf2+ 36. Rxf2 exf2 37. Qxf2 Qd5+ 38. Qf3 Qxe6 39. h3 Qe5 40. h4 Qb2+ 41. Kh3 Qe5 42. Qd3 Qe6+ 43. Kg3 Qe5+ 44. Kf3 Qe6 45. Qc4 Qxc4 46. bxc4 Kf7 47. Ke4 1-0


[Site "https://www.chess.com"]

[Event "Titled Tuesday Blitz June 28 Late 2022"]
[White "Perera Alfonso, Rene Humberto"]
[Black "Kohler, Aran"]
[WhiteFideId "3514722"]
[BlackFideId "1002856"]
[WhiteElo "2313"]
[BlackElo "2274"]
[Result "1-0"]
[Round "02"]
[TimeControl "180+1"]
[Date "2022.06.29"]
[WhiteClock "0:01:47"]
[BlackClock "0:00:23"]

1. e4 c5 2. Nf3 d6 3. d4 cxd4 4. Nxd4 Nf6 5. Nc3 a6 6. Be3 e5 7. Nb3 Be6 8. f3 Be7 9. Qd2 Nbd7 10. O-O-O Rc8 11. g4 Nb6 12. Bxb6 Qxb6 13. g5 Nd7 14. h4 O-O 15. Kb1 Qd8 16. Rg1 b5 17. h5 Nb6 18. g6 fxg6 19. hxg6 h6 20. Nd5 Bxd5 21. exd5 Rxf3 22. Be2 Nc4 23. Qb4 Rf2 24. Bg4 Rc7 25. Be6+ Kh8 26. Rgf1 Ne3 27. Rxf2 Nxd1 28. Rf7 Bg5 29. Na5 Rxf7 30. gxf7 Ne3 31. Nc6 Qf8 32. Qa5 Nc4 33. Qxa6 Nd2+ 34. Ka1 g6 35. Qxb5 Kg7 36. a4 h5 37. a5 Ne4 38. a6 Nc5 39. a7 e4 40. Qb8 e3 41. Qxf8+ 1-0


[Site "https://www.chess.com"]

[Event "Titled Tuesday Blitz June 28 Late 2022"]
[White "Petersson, Kjell"]
[Black "Djokic, Mihailo"]
[WhiteFideId "1705148"]
[BlackFideId "976440"]
[WhiteElo "2009"]
[BlackElo "2255"]
[Result "0-1"]
[Round "02"]
[TimeControl "180+1"]
[Date "2022.06.29"]
[WhiteClock "0:00:12"]
[BlackClock "0:01:11"]

1. d4 Nf6 2. Bf4 g6 3. Nc3 d5 4. e3 Bg7 5. h4 h5 6. Nf3 O-O 7. Ne5 Be6 8. Be2 c5 9. g4 hxg4 10. Nxg4 Nxg4 11. Bxg4 Bxg4 12. Qxg4 cxd4 13. exd4 Nc6 14. Be3 Qc8 15. Qg5 Bf6 16. Qg2 Nxd4 17. O-O-O Nf5 18. Bd2 d4 19. Nd5 Bg7 20. h5 d3 21. c3 Qc6 22. hxg6 fxg6 23. Rdg1 Rad8 24. Qxg6 Qxg6 25. Rxg6 Rxd5 26. Rhg1 Rf6 27. R6g5 e6 28. c4 Rc5 29. b3 Rc7 30. Bc3 Rff7 31. Bxg7 Rxg7 32. Kd2 Rxg5 33. Rxg5+ Rg7 34. f4 Rxg5 35. fxg5 Kf7 36. Kxd3 e5 37. Ke4 Ke6 38. g6 Nd6+ 39. Ke3 Kf6 40. c5 Nb5 41. Ke4 Nc3+ 42. Kd3 Nxa2 43. Kc4 Kxg6 44. b4 Nxb4 45. Kxb4 Kf5 0-1


[Site "https://www.chess.com"]

[Event "Titled Tuesday Blitz June 28 Late 2022"]
[White "Petrovic, Aleksa"]
[Black "Diaz, Fernando"]
[WhiteFideId "967629"]
[BlackFideId "3701255"]
[WhiteElo "2117"]
[BlackElo "1934"]
[Result "1-0"]
[Round "02"]
[TimeControl "180+1"]
[Date "2022.06.29"]
[WhiteClock "0:00:40"]
[BlackClock "0:01:29"]

1. d4 e5 2. dxe5 d6 3. e6 Bxe6 4. g3 Nc6 5. Nh3 Nf6 6. Bg2 g6 7. Bg5 Bg7 8. Nf4 Bd7 9. Nd5 h6 10. Nxf6+ Bxf6 11. Bc1 Bg7 12. O-O O-O 13. Nc3 Be6 14. Be3 Qd7 15. Qd2 Kh7 16. Nd5 f5 17. c4 Ne5 18. Rac1 c6 19. f4 Ng4 20. h3 Nxe3 21. Nxe3 Qc7 22. Rfd1 Rad8 23. Kh2 Rfe8 24. Nd5 Qa5 25. Qxa5 cxd5 26. cxd5 Bc8 27. Qxa7 Rxe2 28. Re1 Rxb2 29. Re7 Kg8 30. Rxg7+ 1-0


[Site "https://www.chess.com"]

[Event "Titled Tuesday Blitz June 28 Late 2022"]
[White "Phillips, Rene"]
[Black "Rios Escobar, Adan"]
[WhiteFideId "2056275"]
[BlackFideId "3403645"]
[WhiteElo "2202"]
[BlackElo "2453"]
[Result "0-1"]
[Round "02"]
[TimeControl "180+1"]
[Date "2022.06.29"]
[WhiteClock "0:01:47"]
[BlackClock "0:01:53"]

1. Nf3 Nf6 2. d4 g6 3. Bf4 b6 4. e3 Bb7 5. Nbd2 Bg7 6. Bd3 O-O 7. Qe2 a5 8. c3 d6 9. h3 Nbd7 10. O-O e6 11. Bg5 h6 12. Bh4 Re8 13. a4 e5 14. dxe5 dxe5 15. Bc4 Qe7 16. Rfd1 Nc5 17. Bb5 Red8 18. Nh2 g5 19. Bg3 Nfe4 20. Nxe4 Nxe4 21. Nf1 Kh8 22. Bh2 f5 23. Qh5 f4 24. exf4 exf4 25. f3 Qc5+ 26. Kh1 Nf2+ 0-1


[Site "https://www.chess.com"]

[Event "Titled Tuesday Blitz June 28 Late 2022"]
[White "Prohorov, Olexandr"]
[Black "Bashirli, Nail"]
[WhiteFideId "14105578"]
[BlackFideId "13406809"]
[WhiteElo "1993"]
[BlackElo "2333"]
[Result "0-1"]
[Round "02"]
[TimeControl "180+1"]
[Date "2022.06.29"]
[WhiteClock "0:01:54"]
[BlackClock "0:01:41"]

1. Nf3 d5 2. d4 Nf6 3. c4 e6 4. Nc3 Bb4 5. Qa4+ Nc6 6. Ne5 a5 7. a3 Bxc3+ 8. bxc3 O-O 9. Nxc6 bxc6 10. Qxc6 Bd7 11. Qb7 Rb8 12. Qa6 Ra8 13. Qb7 Rb8 14. Qa6 Ne4 15. cxd5 Bb5 16. Qxa5 exd5 17. Bf4 Qf6 18. e3 Bxf1 19. Rxf1 Rb2 20. Qxd5 Qa6 21. c4 c6 22. Qxe4 Qa5+ 23. Kd1 Qd2# 0-1


[Site "https://www.chess.com"]

[Event "Titled Tuesday Blitz June 28 Late 2022"]
[White "Przybylski, Wojciech"]
[Black "Howell, David W L"]
[WhiteFideId "1117599"]
[BlackFideId "410608"]
[WhiteElo "2133"]
[BlackElo "2559"]
[Result "0-1"]
[Round "02"]
[TimeControl "180+1"]
[Date "2022.06.29"]
[WhiteClock "0:00:09"]
[BlackClock "0:00:28"]

1. d4 a6 2. e4 h6 3. Bd3 c5 4. Ne2 cxd4 5. Nxd4 e5 6. Nf3 Nf6 7. O-O Nc6 8. Nc3 Bc5 9. h3 d6 10. Re1 g5 11. Nh2 g4 12. hxg4 h5 13. g5 Ng4 14. Rf1 Be6 15. Nd5 Rg8 16. c3 Rxg5 17. Bxg5 Qxg5 18. b4 Ba7 19. Nc7+ Kd7 20. Nxa8 Qh4 21. Nxg4 hxg4 22. b5 g3 23. bxc6+ Kc8 24. cxb7+ Kb8 25. Re1 Bg4 26. Qxg4 gxf2+ 27. Kf1 fxe1=Q+ 28. Rxe1 Qf2# 0-1


[Site "https://www.chess.com"]

[Event "Titled Tuesday Blitz June 28 Late 2022"]
[White "Pulpan, Jakub"]
[Black "Maghsoodloo, Parham"]
[WhiteFideId "302759"]
[BlackFideId "12539929"]
[WhiteElo "2495"]
[BlackElo "2607"]
[Result "0-1"]
[Round "02"]
[TimeControl "180+1"]
[Date "2022.06.28"]
[WhiteClock "0:00:08"]
[BlackClock "0:01:36"]

1. Nf3 d5 2. b3 Nd7 3. Bb2 c6 4. c4 e6 5. g3 Ngf6 6. Bg2 Bd6 7. O-O O-O 8. d3 a5 9. a3 Qe7 10. Nbd2 Rd8 11. Qc2 e5 12. Rfe1 Nf8 13. e4 dxe4 14. Nxe4 Nxe4 15. Rxe4 Bf5 16. Re2 Ng6 17. Qc3 c5 18. Nd2 f6 19. Rae1 Qc7 20. Ne4 Be7 21. Qc2 Rd7 22. Re3 Rad8 23. Nc3 Rxd3 24. Rxd3 Rxd3 25. Nd5 Qd7 26. g4 Re3 27. Qd2 Rxe1+ 28. Qxe1 Bxg4 29. Qd2 Bd8 30. f3 Be6 31. f4 Nxf4 32. Qf2 0-1


[Site "https://www.chess.com"]

[Event "Titled Tuesday Blitz June 28 Late 2022"]
[White "Rastbod, Ali"]
[Black "Garagulya, Konstantin"]
[WhiteFideId "12567477"]
[BlackFideId "4128931"]
[WhiteElo "2135"]
[BlackElo "2329"]
[Result "0-1"]
[Round "02"]
[TimeControl "180+1"]
[Date "2022.06.29"]
[WhiteClock "0:00:02"]
[BlackClock "0:00:08"]

1. e4 c5 2. Nc3 a6 3. a4 Nc6 4. g3 g6 5. Bg2 Bg7 6. d3 e6 7. Be3 Nd4 8. Qd2 h5 9. h3 Ne7 10. Nge2 Qb6 11. Nd1 d6 12. a5 Qc7 13. O-O Bd7 14. f4 f5 15. Ra3 h4 16. Nxd4 cxd4 17. Bf2 hxg3 18. Bxg3 Rc8 19. Rf2 Kf7 20. Kh2 Ng8 21. exf5 gxf5 22. Rb3 Rb8 23. Qb4 Nf6 24. Kg1 Bc6 25. Qb6 Qxb6 26. Rxb6 Bxg2 27. Kxg2 Ke7 28. c4 Rhc8 29. Re2 Rc5 30. b4 Rc6 31. Nb2 Nd7 32. Rxc6 bxc6 33. Be1 Bf6 34. Na4 Kf7 35. Rb2 e5 36. b5 cxb5 37. cxb5 axb5 38. a6 Ra8 39. Rxb5 Rxa6 40. fxe5 Nxe5 41. Rb7+ Ke6 42. Nb6 Nxd3 43. Nc4 Nxe1+ 44. Kf1 Nd3 0-1


[Site "https://www.chess.com"]

[Event "Titled Tuesday Blitz June 28 Late 2022"]
[White "Rasulov, Vugar"]
[Black "Ingebretsen, Jens E"]
[WhiteFideId "13402390"]
[BlackFideId "1522965"]
[WhiteElo "2560"]
[BlackElo "2036"]
[Result "1-0"]
[Round "02"]
[TimeControl "180+1"]
[Date "2022.06.28"]
[WhiteClock "0:01:09"]
[BlackClock "0:00:19"]

1. Nf3 d5 2. c4 c6 3. g3 Bg4 4. Bg2 Bxf3 5. Bxf3 e6 6. O-O Nf6 7. d3 Bd6 8. b3 h5 9. h4 Nbd7 10. d4 Qc7 11. Kg2 e5 12. Kg1 e4 13. Bg2 Ng4 14. Nc3 e3 15. f4 dxc4 16. Ne4 cxb3 17. Qxb3 Be7 18. Rb1 Nb6 19. a4 Rb8 20. Bxe3 Nxe3 21. Qxe3 Nd5 22. Qb3 O-O 23. Ng5 Bxg5 24. hxg5 Qd6 25. e4 Nb6 26. Qb4 Rfd8 27. a5 Nc8 28. Rfd1 Qxb4 29. Rxb4 Nd6 30. Bf3 g6 31. Kf2 a6 32. d5 c5 33. Rb6 Nc4 34. e5 Nxb6 35. axb6 c4 36. d6 Rbc8 37. Bxb7 Rb8 38. Bxa6 Rxb6 39. Bxc4 Rc6 40. Rd4 Rb6 41. Ke3 Rb2 42. f5 gxf5 43. g6 Kg7 44. gxf7 Rb1 45. e6 Re1+ 46. Kf2 Re5 47. e7 Ra8 48. f8=Q+ 1-0


[Site "https://www.chess.com"]

[Event "Titled Tuesday Blitz June 28 Late 2022"]
[White "Rizzo, Tobias"]
[Black "Tymrakiewicz, Rafal"]
[WhiteFideId "30942691"]
[BlackFideId "1108832"]
[WhiteElo "2276"]
[BlackElo "2205"]
[Result "0-1"]
[Round "02"]
[TimeControl "180+1"]
[Date "2022.06.29"]
[WhiteClock "0:00:02"]
[BlackClock "0:00:28"]

1. d4 Nf6 2. Bg5 c5 3. d5 Qb6 4. Nc3 g6 5. e4 Bg7 6. Qd2 h6 7. Bf4 d6 8. f3 Na6 9. Bc4 Nc7 10. a4 a6 11. Nge2 Qb4 12. Bb3 c4 13. Ba2 b5 14. Nd4 Bd7 15. O-O Qxb2 16. Bxc4 Qb4 17. Bb3 Nxe4 18. Nxe4 Qxd2 19. Bxd2 Bxd4+ 20. Kh1 Bxa1 21. Rxa1 bxa4 22. Ba2 Rb8 23. h3 f5 24. Nf2 Kf7 25. Nd3 g5 26. f4 Rhg8 27. c4 Rb7 28. c5 Bb5 29. c6 Rbb8 30. Nf2 Ne8 31. Re1 Nf6 32. Bc3 g4 33. hxg4 Nxg4 34. Nh3 Rg6 35. Bd4 Bd3 36. Rd1 Be4 37. Rd2 Rgg8 38. Ng1 Rb5 39. Nf3 Bxd5 0-1


[Site "https://www.chess.com"]

[Event "Titled Tuesday Blitz June 28 Late 2022"]
[White "Romanchuk, Viktor"]
[Black "Shapiro, Daniel"]
[WhiteFideId "14109271"]
[BlackFideId "2001780"]
[WhiteElo "2242"]
[BlackElo "2288"]
[Result "1-0"]
[Round "02"]
[TimeControl "180+1"]
[Date "2022.06.29"]
[WhiteClock "0:01:20"]
[BlackClock "0:00:12"]

1. d4 Nf6 2. c4 e6 3. Nc3 Bb4 4. e3 d5 5. a3 Be7 6. Nf3 b6 7. cxd5 exd5 8. b4 c6 9. Bd3 O-O 10. O-O Bb7 11. Qb3 Nbd7 12. Rd1 a5 13. bxa5 Rxa5 14. a4 b5 15. Bd2 b4 16. Na2 c5 17. Bf5 c4 18. Qb1 Rxa4 19. Nxb4 Rxa1 20. Qxa1 Qb6 21. Rb1 Ra8 22. Qc3 g6 23. Nxd5 Nxd5 24. Rxb6 Nxc3 25. Rxb7 Ra1+ 26. Ne1 gxf5 27. Bxc3 Rc1 28. Rxd7 Ba3 29. Ba5 Bb2 30. Rc7 c3 31. Kf1 Kg7 32. Ke2 Ra1 33. Bxc3 Ra2 34. Bxb2 Rxb2+ 35. Rc2 1-0


[Site "https://www.chess.com"]

[Event "Titled Tuesday Blitz June 28 Late 2022"]
[White "Romero Ruscalleda, Josep"]
[Black "Baches Garcia, Guillermo"]
[WhiteFideId "2231859"]
[BlackFideId "2209764"]
[WhiteElo "2284"]
[BlackElo "2501"]
[Result "0-1"]
[Round "02"]
[TimeControl "180+1"]
[Date "2022.06.29"]
[WhiteClock "0:00:01"]
[BlackClock "0:00:04"]

1. e4 c5 2. c3 d5 3. exd5 Qxd5 4. d4 Nc6 5. Nf3 Bg4 6. Be2 cxd4 7. cxd4 e6 8. Nc3 Bb4 9. O-O Qa5 10. Bd2 Nge7 11. a3 Bxc3 12. bxc3 Qc7 13. h3 Bh5 14. Rb1 O-O 15. Bd3 Bg6 16. Bxg6 Nxg6 17. Re1 Rac8 18. Qe2 b6 19. Qe4 Na5 20. h4 h6 21. h5 Ne7 22. Qg4 Kh8 23. Rb5 Nc4 24. Bf4 Qd7 25. Rb3 Qd5 26. Reb1 Nf5 27. Ne5 Nxe5 28. Bxe5 f6 29. Bf4 Rc4 30. Bd2 Rfc8 31. Rb5 Qd7 32. Qg6 R8c6 33. R5b3 Rc8 34. Re1 Qd5 35. Rbb1 Nh4 36. Qg4 Nf5 37. Re4 Kg8 38. Rbe1 R8c6 39. Qf3 Kf7 40. Qh3 Rd6 41. g4 Ne7 42. Qe3 Rcc6 43. Qd3 Qc4 44. Qe3 Nd5 45. Qf3 Nxc3 46. Rc1 Rxd4 47. Rxc3 Qd5 48. Rxd4 Qxf3 49. Rxf3 Rc2 50. Rd7+ Ke8 51. Rxa7 Rc1+ 52. Kg2 Rg1+ 0-1


[Site "https://www.chess.com"]

[Event "Titled Tuesday Blitz June 28 Late 2022"]
[White "Roque Sola, Jose Luis"]
[Black "Chernomordik, Pavel"]
[WhiteFideId "5120390"]
[BlackFideId "2804530"]
[WhiteElo "1983"]
[BlackElo "2220"]
[Result "0-1"]
[Round "02"]
[TimeControl "180+1"]
[Date "2022.06.29"]
[WhiteClock "0:01:36"]
[BlackClock "0:02:41"]

1. e4 g6 2. d4 Bg7 3. Nf3 d6 4. Nc3 a6 5. Be3 b5 6. Be2 Bb7 7. a3 Nd7 8. O-O c5 9. dxc5 Nxc5 10. Bxc5 dxc5 11. Nd5 Bxb2 12. Rb1 Bg7 13. c4 e6 14. Ne3 Bxe4 0-1


[Site "https://www.chess.com"]

[Event "Titled Tuesday Blitz June 28 Late 2022"]
[White "Rosenberg, Evan S"]
[Black "Meunier-Pion, Jean"]
[WhiteFideId "2019299"]
[BlackFideId "20685327"]
[WhiteElo "2196"]
[BlackElo "2124"]
[Result "0-1"]
[Round "02"]
[TimeControl "180+1"]
[Date "2022.06.29"]
[WhiteClock "0:00:38"]
[BlackClock "0:01:41"]

1. e4 c5 2. Nc3 d6 3. f4 g6 4. Nf3 Bg7 5. a4 Nc6 6. Bb5 Bd7 7. d3 e6 8. O-O Nge7 9. f5 gxf5 10. Bg5 f6 11. Bf4 e5 12. Be3 f4 13. Bf2 Be6 14. Nh4 h5 15. Nd5 Nxd5 16. exd5 Bxd5 17. Nf5 Qd7 18. g4 Bf8 19. h3 hxg4 20. hxg4 Rh1# 0-1


[Site "https://www.chess.com"]

[Event "Titled Tuesday Blitz June 28 Late 2022"]
[White "Sadhwani, Raunak"]
[Black "Tica, Sven"]
[WhiteFideId "35093487"]
[BlackFideId "14526948"]
[WhiteElo "2616"]
[BlackElo "2346"]
[Result "1-0"]
[Round "02"]
[TimeControl "180+1"]
[Date "2022.06.28"]
[WhiteClock "0:01:19"]
[BlackClock "0:00:17"]

1. Nf3 g6 2. e4 Bg7 3. d4 a6 4. Nc3 b5 5. Be3 Bb7 6. Bd3 d6 7. Qd2 Nd7 8. Ne2 e6 9. h4 h6 10. Ng3 Ngf6 11. Nh2 c5 12. c3 Rc8 13. O-O Qe7 14. a4 c4 15. Bc2 e5 16. axb5 axb5 17. Ra7 Rc7 18. Rfa1 exd4 19. cxd4 O-O 20. Bxh6 Re8 21. Bxg7 Kxg7 22. Qa5 Nf8 23. d5 c3 24. bxc3 Rec8 25. Qxb5 Qd7 26. Rb1 Ba8 27. Qxd7 N8xd7 28. Rxc7 Rxc7 29. Ne2 Nc5 30. f3 Bb7 31. Rb6 Ba6 32. Nd4 Bd3 33. Rxd6 Bxc2 34. Nxc2 Na4 35. Rc6 Rb7 36. Nf1 Rb1 37. c4 Nc3 38. Ne3 Nh5 39. Kh2 Ne2 40. d6 Nef4 41. d7 Rd1 42. Nd5 Rxf1 43. d8=Q Rf2 44. Nxf4 1-0


[Site "https://www.chess.com"]

[Event "Titled Tuesday Blitz June 28 Late 2022"]
[White "Sailer, Mike"]
[Black "Nilsen, Tobias Lang"]
[WhiteFideId "2012901"]
[BlackFideId "1521624"]
[WhiteElo "2109"]
[BlackElo "2014"]
[Result "1-0"]
[Round "02"]
[TimeControl "180+1"]
[Date "2022.06.29"]
[WhiteClock "0:00:23"]
[BlackClock "0:01:11"]

1. d4 Nf6 2. Nf3 e6 3. Bf4 b6 4. e3 Bb7 5. Be2 d6 6. O-O Nbd7 7. c4 Be7 8. Nc3 O-O 9. a3 Ne4 10. Nxe4 Bxe4 11. Rc1 f5 12. b4 g5 13. Bg3 f4 14. exf4 gxf4 15. Nd2 Bb7 16. Bg4 fxg3 17. Bxe6+ Kh8 18. fxg3 Nf6 19. d5 Bc8 20. Re1 Bxe6 21. Rxe6 Qd7 22. Qe2 Rae8 23. Re1 Bd8 24. Nf3 Rxe6 25. dxe6 Qe7 26. Nd4 Re8 27. Nc6 Qg7 28. e7 Bxe7 29. Nxe7 Ng8 30. Ng6+ hxg6 31. Qxe8 Qd4+ 32. Kh1 Qf2 33. Qe3 Qf5 34. h3 Nf6 35. Qh6+ Kg8 36. Re7 Nh5 37. Qh7+ Kf8 38. Rxc7 Nxg3+ 39. Kh2 Nf1+ 40. Kg1 Ng3 41. Qh8# 1-0


[Site "https://www.chess.com"]

[Event "Titled Tuesday Blitz June 28 Late 2022"]
[White "Salem, A.R. Saleh"]
[Black "Sanchez Alarcon, Juan"]
[WhiteFideId "9301348"]
[BlackFideId "3401332"]
[WhiteElo "2679"]
[BlackElo "2164"]
[Result "1-0"]
[Round "02"]
[TimeControl "180+1"]
[Date "2022.06.29"]
[WhiteClock "0:02:22"]
[BlackClock "0:02:24"]

1. d4 Nf6 2. c4 g6 3. Nc3 Bg7 4. e4 d6 5. h3 O-O 6. Be3 e5 7. d5 Nbd7 8. g4 a5 9. Nge2 Nc5 10. Ng3 b6 11. Be2 Nfd7 12. h4 Nb8 13. Qd2 f5 14. gxf5 gxf5 15. Bg5 Bf6 16. Bh6 Bg7 17. Rg1 Rf7 18. Nh5 1-0


[Site "https://www.chess.com"]

[Event "Titled Tuesday Blitz June 28 Late 2022"]
[White "Samsonkin, Artiom"]
[Black "Daeschler, Florian"]
[WhiteFideId "13503111"]
[BlackFideId "20678193"]
[WhiteElo "2513"]
[BlackElo "2221"]
[Result "1-0"]
[Round "02"]
[TimeControl "180+1"]
[Date "2022.06.28"]
[WhiteClock "0:00:08"]
[BlackClock "0:00:39"]

1. d4 Nf6 2. Bf4 d5 3. e3 e6 4. Nf3 Bd6 5. Bg3 O-O 6. Nbd2 c5 7. c3 Qc7 8. Bxd6 Qxd6 9. Ne5 b5 10. Bd3 b4 11. f4 Ba6 12. Bxa6 Nxa6 13. O-O bxc3 14. bxc3 Rab8 15. Qa4 Rb2 16. Ndc4 dxc4 17. Nxc4 Rxg2+ 18. Kxg2 Qd5+ 19. Kg1 Nb4 20. Ne5 Qe4 21. cxb4 Qxe3+ 22. Kh1 Ne4 23. Qc2 Qxd4 24. bxc5 Rc8 25. Rad1 Qe3 26. Rde1 Nf2+ 27. Qxf2 Qa3 28. c6 g6 29. Re3 Qc5 30. Ng4 h5 31. Nf6+ Kg7 32. Ne4 Qf5 33. Qb2+ Kh6 34. Qe5 Qg4 35. Qg5+ Qxg5 36. fxg5+ Kg7 37. Rc1 Rd8 38. c7 Rb8 39. cxb8=Q 1-0


[Site "https://www.chess.com"]

[Event "Titled Tuesday Blitz June 28 Late 2022"]
[White "Sanchez, Robert"]
[Black "Liu, Casper"]
[WhiteFideId "2034360"]
[BlackFideId "1454153"]
[WhiteElo "2095"]
[BlackElo "2025"]
[Result "1-0"]
[Round "02"]
[TimeControl "180+1"]
[Date "2022.06.29"]
[WhiteClock "0:01:41"]
[BlackClock "0:01:05"]

1. e4 Nc6 2. Nf3 f5 3. exf5 d5 4. d4 Bxf5 5. Bb5 e6 6. Ne5 Qd6 7. Bf4 O-O-O 8. Bxc6 bxc6 9. O-O Qe7 10. c3 Qe8 11. Qa4 Kb7 12. Nd2 Bd6 13. Nb3 Nf6 14. Na5+ Kc8 15. Naxc6 Bxe5 16. Bxe5 a5 17. Qb5 Bd3 18. Qb8+ Kd7 19. Qxc7# 1-0


[Site "https://www.chess.com"]

[Event "Titled Tuesday Blitz June 28 Late 2022"]
[White "Schekachikhin, Maksim"]
[Black "Kamsky, Gata"]
[WhiteFideId "24177830"]
[BlackFideId "2000024"]
[WhiteElo "2239"]
[BlackElo "2645"]
[Result "0-1"]
[Round "02"]
[TimeControl "180+1"]
[Date "2022.06.28"]
[WhiteClock "0:00:03"]
[BlackClock "0:00:10"]

1. e4 g6 2. d4 Bg7 3. Nf3 d6 4. c3 Nf6 5. Bd3 O-O 6. O-O Nc6 7. d5 Nb8 8. c4 a5 9. Nc3 Na6 10. h3 c6 11. Be3 e6 12. Rc1 exd5 13. cxd5 cxd5 14. exd5 Nc5 15. Bb1 Bd7 16. Nd4 Qb6 17. Nb3 a4 18. Nxc5 dxc5 19. Qd2 Qa5 20. Rfd1 Rfe8 21. Bd3 a3 22. b3 Qb4 23. Qc2 b6 24. d6 Bc6 25. Bc4 Rad8 26. Bg5 Rd7 27. Nb1 Qa5 28. Bd2 Qa8 29. f3 Rxd6 30. Bc3 Qb8 31. Nxa3 Nh5 32. Nb5 Rxd1+ 33. Rxd1 Qg3 34. Qf2 Qxf2+ 35. Kxf2 Bxc3 36. Nxc3 Rc8 37. Rd6 Kf8 38. Bd5 Bxd5 39. Nxd5 b5 40. Rb6 b4 41. Ne3 Ra8 42. g4 Rxa2+ 43. Kf1 Nf4 44. Rc6 Rb2 45. Rxc5 Rxb3 46. Nc4 Rxf3+ 47. Ke1 Nd3+ 48. Ke2 Rxh3 49. Rc7 Nf4+ 50. Kf2 Ne6 51. Rb7 Nc5 52. Rc7 Nd3+ 53. Kg2 Nf4+ 54. Kf2 Rc3 55. Rc8+ Kg7 0-1


[Site "https://www.chess.com"]